 Dungeon Crawl Stone Soup version 0.25.0-3-gd7cc5688da (webtiles) character file.

Game seed: 3602225182812331320

51 Apogee the Grave Robber (level 3, -2/32 HPs)
             Began as a Deep Dwarf Necromancer on June 15, 2020.
             Killed from afar by Sigmund (12 damage)
             ... with a puff of flame
             ... on level 2 of the Dungeon.
             The game lasted 00:05:18 (1530 turns).

Apogee the Grave Robber (Deep Dwarf Necromancer)    Turns: 1530, Time: 00:05:19

Health: -2/32      AC:  2    Str: 12    XL:     3   Next: 58%
Magic:  0/6        EV: 12    Int: 21    God:
Gold:   42         SH:  0    Dex: 13    Spells: 2/6 levels left

rFire    . . .     SeeInvis .   d - +0 short sword
rCold    . . .     Gourm    .   (no shield)
rNeg     . . .     Faith    .   a - +0 robe
rPois    .         Spirit   .   (no helmet)
rElec    .         Reflect  .   (no cloak)
rCorr    .         Harm     .   (no gloves)
MR       .....                  (no boots)
Stlth    +.........             (no amulet)
HPRegen  0.00/turn              g - +6 ring of intelligence (curse)
MPRegen  0.10/turn              (no ring)

@: confused, non-regenerating
A: damage resistance, heal wounds, sense surroundings 1, no regeneration
a: Heal Wounds


You were on level 2 of the Dungeon.
You were hungry.

You visited 1 branch of the dungeon, and saw 2 of its levels.

You collected 42 gold pieces.

Inventory:

Hand Weapons
 d - a +0 short sword (weapon)
Missiles
 e - 8 poisoned darts (quivered)
 f - 5 boomerangs
Armour
 a - a +0 robe (worn)
Jewellery
 g - a cursed +6 ring of intelligence (left hand)
Scrolls
 b - a scroll of identify
 i - a scroll of amnesia {unknown}
 j - a scroll of magic mapping {unknown}
Comestibles
 c - 2 rations
 h - 6 chunks of flesh


   Skills:
 - Level 1.9 Fighting
 - Level 1.0 Short Blades
 - Level 2.1 Dodging
 - Level 2.4 Stealth
 + Level 2.4 Spellcasting
 - Level 4.3 Necromancy


You had 2 spell levels left.
You knew the following spells:

 Your Spells              Type           Power        Failure   Level  Hunger
a - Pain                  Necr           ###.         2%          1    None
b - Vampiric Draining     Necr           ###.......   7%          3    ###....

Your spell library contained the following spells:

 Spells                   Type           Power        Failure   Level  Hunger
 Animate Skeleton         Necr           N/A          2%          1    None
 Animate Dead             Necr           N/A          22%         4    ####...
 Agony                    Necr           ###.....     54%         5    ######.


Dungeon Overview and Level Annotations

Branches:
Dungeon (2/15)

Altars:

Annotations:
D:2 Sigmund


Innate Abilities, Weirdness & Mutations

You are resistant to damage.
You can heal yourself by infusing magical energy.
You passively map a small area around you.
You do not regenerate.


Message History

Confirm with . or Enter, or press ? or * to list all spells.
Aiming: Pain (safe; 2% risk of failure)
Press: ? - help, Shift-Dir - straight line, f/p - Sigmund
Aim: Sigmund, wielding a +0 scythe and wearing a +0 robe (severely wounded, chance to defeat MR: 86%) Sigmund writhes in agony.
Sigmund laughs darkly.
Sigmund gestures at you while chanting.
You are confused.
You bump into the rock wall.
Sigmund misses you.
You bump into the rock wall.
Sigmund misses you.
Sigmund gestures wildly while chanting.
Sigmund flickers and vanishes!
Deactivating autopickup; reactivate with Ctrl-A.
You hear some strange, mumbled words.
Something tries to affect you, but you resist.
You bump into the rock wall.
You hear some strange, mumbled words.
A puff of flame appears from out of thin air!
The puff of flame hits you!
You die...

...#...#.##.# #.# *
.##.#....##.# #.#
...#...####.# #.#
#..#........# #.#
.....#.###### #.#
......## #.# ##...##
#.#
.....###############.#
...........รท....@.{..#
###..##.##############
# #.>##.# # #..##.# #
#..##.# * * * * #
#..##.# # #.....# ,# *
* # ##.#..#
#########.#### # #.#..#
*...##........


There were no monsters in sight!

Vanquished Creatures
  2 adders (D:2)
  A dart slug (D:2)
  2 leopard geckos
  2 giant cockroaches
  8 goblins
  4 hobgoblins
  A ball python (D:2)
  2 frilled lizards
  4 kobolds
  2 rats (D:2)
28 creatures vanquished.

Notes
Turn   | Place    | Note
-------+----------+-------------------------------------------
     0 | D:1      | Apogee the Deep Dwarf Necromancer began the quest for the
                  | Orb.
     0 | D:1      | Reached XP level 1. HP: 15/15 MP: 3/3
   326 | D:1      | Reached skill level 1 in Short Blades
   461 | D:1      | Reached XP level 2. HP: 20/22 MP: 1/5
  1057 | D:2      | Reached skill level 1 in Fighting
  1059 | D:2      | Reached XP level 3. HP: 16/31 MP: 0/6
  1073 | D:2      | Learned a level 3 spell: Vampiric Draining
  1513 | D:2      | Noticed Sigmund
  1530 | D:2      | Killed from afar by Sigmund

Illustrated notes

Levels and vault maps discovered:
D:1:      nzn_arrival_depleted_hourglass, layout_basic
D:2:      layout_loops_ring, uniq_sigmund

Skill      XL: |  1  2 |
---------------+-------+-----
Short Blades   | 1 |  1.0
Spellcasting   | 2 |  2.4
Fighting       | 1 |  1.9
Dodging        | |  2.1
Stealth        | |  2.4
Necromancy     | |  4.3

Action                   || total
-------------------------++-------
Melee: Short sword       ||     4
Throw: Dart              ||     7
 Cast: Pain              ||    61
       Vampiric Draining ||     2
  Use: Scroll            ||     2
       Potion            ||     2
  Eat: Chunk             ||     2
Dodge: Dodged            ||    18
